 Dungeon Crawl Stone Soup version 0.31-a0-229-g1fc7ce9 (webtiles) character file.

Game seed: 4306295981870164708

156 Dawnplanks the Gusty (level 5, -6/28 HPs)
             Began as a Tengu Air Elementalist on July 6, 2023.
             Killed by nerve-wracking pain
             ... invoked by an orc priest
              (9 damage)
             ... on level 3 of the Dungeon.
             The game lasted 00:04:53 (2870 turns).

Dawnplanks the Gusty (Tengu Air Elementalist)       Turns: 2870, Time: 00:04:53

Health: -6/28      AC:  2    Str: 14    XL:     5   Next: 38%
Magic:  1/11       EV: 15    Int: 17    God:
Gold:   113        SH:  0    Dex: 15    Spells: 5/11 levels left

rFire   . . .        (no weapon)
rCold   . . .        (no shield)
rNeg    . . .        a - +0 robe
rPois   .            (helmet restricted)
rElec   .            (no cloak)
rCorr   .            (no gloves)
SInv    .            (boots unavailable)
Will    .....        (no amulet)
Stlth   ++           k - +6 ring of strength
HPRegen 0.24/turn    (no ring)
MPRegen 0.12/turn

%: no passive effects
@: flying quickly and evasively, quick
A: beak, talons 3, nimble flight
a: no special abilities


You were on level 3 of the Dungeon.
You visited 1 branch of the dungeon, and saw 3 of its levels.

You collected 113 gold pieces.

Inventory:

Armour
 a - a +0 robe (worn)
Jewellery
 k - a +6 ring of strength (left hand)
Scrolls
 c - 2 scrolls of fog {unknown}
 d - 2 scrolls of enchant weapon {unknown}
 e - a scroll of enchant armour {unknown}
 g - 2 scrolls of teleportation {unknown}
 h - a scroll of butterflies {unknown}
 i - a scroll of immolation {unknown}
 m - a scroll of identify {unknown}
 o - a scroll of amnesia {unknown}
Potions
 b - a potion of magic
 f - a potion of brilliance {unknown}
 j - a potion of curing {unknown}
 l - a potion of attraction {unknown}
 n - a potion of enlightenment {unknown}


   Skills:
 + Level 0.2 Fighting
 + Level 2.7 Dodging
 - Level 2.0 Stealth
 + Level 3.6 Spellcasting
 + Level 2.6 Conjurations
 + Level 5.4 Air Magic


You had 5 spell levels left.
You knew the following spells:

 Your Spells              Type           Power      Damage    Failure   Level
a - Shock                 Conj/Air       64%        1d7       3%          1
b - Static Discharge      Conj/Air       32%        2-4/arc   4%          2
c - Swiftness             Air            21%        N/A       5%          3

Your spell library contained the following spells:

 Spells                   Type           Power      Damage    Failure   Level
 Airstrike                Air            10%        2d(2-18)  17%         4


Dungeon Overview and Level Annotations

Branches:
Dungeon (3/15)

Altars:

Shops:
D:1 *   D:3 [(

Annotations:
D:2 1 runed translucent door, Crazy Yiuf


Innate Abilities, Weirdness & Mutations

You have a beak for a mouth.
You have claws for feet.
Your magical nature lets you fly swiftly and evasively.


Message History

The zap hits the orc!
You kill the orc!
The zap hits the orc.
The orc is almost dead.
The zap hits the orc priest but does no damage.
Casting: Shock (safe; 3% risk of failure)
Confirm with . or Enter, or press ? or * to list all spells.
Aiming: Shock (safe; 3% risk of failure)
Press: ? - help, Shift-Dir - straight line, f/p - orc priest
Aim: an orc priest, wielding a +0 mace and wearing a +0 ring mail (75% to hit)
The zap misses the orc priest.
The zap hits the orc priest.
The orc priest is lightly wounded.
Your magical contamination has completely faded away.
The zap hits the orc.
You kill the orc!
The zap hits the orc priest but does no damage.
The orc priest is lightly wounded.
The zap misses the orc priest.
The orc priest invokes the aid of Beogh against you.
Beogh smites you!
The zap misses the orc priest.
The zap hits the orc priest but does no damage.
The orc priest is lightly wounded.
The orc priest looks satisfied for a moment.
The orc priest invokes the aid of Beogh against you.
Beogh smites you!
* * * LOW HITPOINT WARNING * * *
The orc priest closely misses you.
You hit the orc priest but do no damage.
The orc priest is lightly wounded.
The orc priest barely misses you.
You barely miss the orc priest. Your kick misses the orc priest.
The orc priest is lightly wounded.
The orc priest hits you with a +0 mace.
* * * LOW HITPOINT WARNING * * *
You barely miss the orc priest.
The orc priest is lightly wounded.
The orc priest invokes the aid of Beogh against you.
Pain shoots through your body!
You die...

##.......# #.##
..##########...#
#.##
.......≈§§..'...#
#...
....###§§§###...#
##.. .......≈.≈#
#...# #..
....###§.≈# #...#
#.. .. #..≈.≈#
##### ##.
##.#≈.≈#### ##
#..@......# #
####o)..... #
#.#.)#.# #
..#..#.# #
.....).# # ..
.#.# #.# # .# # #
#.


You could see an orc priest.

Vanquished Creatures
  Jessica (D:2)
  3 gnolls (D:2)
  4 adders
  2 dart slugs
  3 orcs (D:3)
  4 endoplasms (D:1)
  3 giant cockroaches
  4 goblins
  5 hobgoblins
  9 jackals (D:1)
  A quokka (D:1)
  2 ball pythons
  3 bats
  4 frilled lizards
  8 kobolds
  5 rats
61 creatures vanquished.

Notes
Turn   | Place    | Note
-------+----------+-------------------------------------------
     0 | D:1      | Dawnplanks the Tengu Air Elementalist began the quest for
                  | the Orb.
     0 | D:1      | Reached XP level 1. HP: 10/10 MP: 4/4
   190 | D:1      | Reached XP level 2. HP: 10/15 MP: 0/6
   329 | D:1      | Found Bitheanu's General Store.
   550 | D:1      | Reached XP level 3. HP: 19/19 MP: 1/8
   745 | D:1      | Learned a level 2 spell: Static Discharge
   749 | D:1      | Learned a level 3 spell: Swiftness
  1480 | D:2      | Noticed Jessica
  1483 | D:2      | Killed Jessica
  1484 | D:2      | Reached XP level 4. HP: 24/24 MP: 4/9
  1795 | D:2      | Reached skill level 5 in Air Magic
  1799 | D:2      | Gained mutation: Your magical nature lets you fly swiftly
                  | and evasively. [Tengu growth]
  1799 | D:2      | Reached XP level 5. HP: 25/28 MP: 0/11
  2267 | D:2      | Found a runed translucent door.
  2268 | D:2      | Noticed Crazy Yiuf
  2451 | D:3      | Found Casayjung's Weapon Boutique.
  2841 | D:3      | Found Viakog's Armour Emporium.
  2870 | D:3      | Killed from afar by an orc priest

Illustrated notes

Levels and vault maps discovered:
D:1:      minmay_arrival_semitransparent, layout_basic, serial_shops,
          nicolae_shop_behind_doors, minmay_misc_feat_columns
D:2:      layout_loops_cross, uniq_crazy_yiuf_cottage, uniq_jessica
D:3:      layout_basic, jmf_multi_god_temple2, serial_shops,
          nicolae_shop_peninsula, nicolae_shop_trees, shop,
          minmay_fractal_squares_diagonal_5, uniq_sigmund

Skill      XL: |  1  2  3  4 |
---------------+-------------+-----
Spellcasting   | 3 |  3.6
Conjurations   | 2 |  2.6
Air Magic      | 5 |  5.4
Fighting       | |  0.2
Dodging        | |  2.7
Stealth        | |  2.0

Action                     |  1- 3 |  4- 6 || total
---------------------------+-------+-------++-------
  Melee: Unarmed           |    15 |     4 ||    19
         Peck              |     3 |       ||     3
         Kick              |     2 |     1 ||     3
   Cast: Shock             |    72 |    56 ||   128
 Armour: Robe              |     7 |       ||     7
  Dodge: Dodged            |    23 |     9 ||    32

Table legend: (Time is in decaauts)
 A = Elapsed time spent in this place.
 B = Non-inter-level travel time spent in this place.
 C = Inter-level travel time spent in this place.
 D = Time resting spent in this place.
 E = Time spent auto-exploring this place.
 F = Levels seen in this place.
 G = Mean time per level.
                   A        B        C        D        E       F      G
               +--------+--------+--------+--------+--------+-----+--------+
         Total |   2797 |   2744 |     53 |      0 |   2470 |   3 |  932.3 |
       Dungeon |   2797 |   2744 |     53 |      0 |   2470 |   3 |  932.3 |
               +--------+--------+--------+--------+--------+-----+--------+

Top non-repeatable levels by time:
     D:1: 1298 daAuts
     D:2: 1049 daAuts
     D:3: 450 daAuts
